 Dungeon Crawl Stone Soup version 0.29-a0-477-g62b78b4225 (webtiles) character file.

Game seed: 1591342162094063229

334 Infinimo the Cudgeller (level 6, -4/66 HPs)
             Began as an Ogre Gladiator on May 25, 2022.
             Slain by Duvessa
             ... wielding a +0 short sword
              (10 damage)
             ... on level 4 of the Dungeon.
             The game lasted 00:02:52 (4284 turns).

Infinimo the Cudgeller (Ogre Gladiator)             Turns: 4284, Time: 00:02:52

Health: -4/66      AC:  3    Str: 19    XL:     6   Next: 53%
Magic:  6/6        EV: 10    Int: 11    God:
Gold:   182        SH:  0    Dex: 10    Spells: 5/5 levels left

rFire   . . .      SeeInvis .   i - +1 dagger (venom)
rCold   . . .      Faith    .   (no shield)
rNeg    . . .      Spirit   .   b - +0 robe
rPois   .          Reflect  .   c - +0 hat
rElec   .          Harm     .   (no cloak)
rCorr   .          Rampage  .   (gloves unavailable)
Will    .....                   (boots unavailable)
Stlth   +.........              (no amulet)
HPRegen 0.21/turn               (no ring)
MPRegen 0.10/turn               (no ring)

@: attractive
A: large, unfitting armour, tough skin 1
a: no special abilities


You were on level 4 of the Dungeon.
You visited 1 branch of the dungeon, and saw 4 of its levels.

You collected 182 gold pieces.

Inventory:

Hand Weapons
 a - a +0 flail
 i - a +1 dagger of venom (weapon)
Missiles
 d - 3 throwing nets (quivered)
 e - a large rock
Armour
 b - a +0 robe (worn)
 c - a +0 hat (worn)
Jewellery
 x - a +6 ring of intelligence
Scrolls
 f - 3 scrolls of identify {unknown}
 h - a scroll of poison {unknown}
 m - a scroll of enchant weapon {unknown}
 p - a scroll of amnesia {unknown}
 q - a scroll of fog {unknown}
 s - a scroll of teleportation {unknown}
 v - a scroll of magic mapping {unknown}
 w - a scroll of blinking {unknown}
Potions
 g - a potion of degeneration {unknown}
 j - 2 potions of heal wounds {unknown}
 k - a potion of flight {unknown}
 l - a potion of cancellation
 n - a potion of ambrosia {unknown}
 o - a potion of magic {unknown}
 r - a potion of curing
 t - a potion of haste {unknown}
 u - 2 potions of attraction
 z - a potion of berserk rage {unknown}


   Skills:
 + Level 5.4 Fighting
 * Level 5.5 Maces & Flails
 - Level 2.0 Throwing
 - Level 2.6 Dodging


You had 5 spell levels left.
You didn't know any spells.
Your spell library contained the following spells:

 Spells                   Type           Power      Damage    Failure   Level
 Foxfire                  Conj/Fire      0%         2x1d4     34%         1
 Sublimation of Blood     Necr           0%         N/A       47%         2
 Wereblood                Tmut           0%         N/A       47%         2
 Conjure Flame            Conj/Fire      0%         6-21      71%         3
 Gell's Gravitas          Tloc           0%         N/A       71%         3
 Inner Flame              Hex/Fire       0%         N/A       71%         3
 Lesser Beckoning         Tloc           0%         N/A       71%         3
 Teleport Other           Tloc           0%         N/A       71%         3
 Tukima's Dance           Hex            0%         N/A       71%         3
 Flame Wave               Conj/Fire      0%         2d4       98%         4
 Passage of Golubria      Tloc           0%         N/A       98%         4
 Yara's Violent Unravell  Hex/Tmut       0%         3d3       100%        5
 Summon Hydra             Summ           0%         N/A       100%        7


Dungeon Overview and Level Annotations

Branches:
Dungeon (4/15)
 Temple: D:4-7

Altars:
Xom

Shops:
D:3 [

Annotations:
D:4 Duvessa


Innate Abilities, Weirdness & Mutations

You are too large for most types of armour.
You have tough skin. (AC +1)


Message History

Duvessa, Sister of Dowan comes into view.
She is wielding a +0 short sword.
Duvessa is nearby!
Your +1 dagger of venom begins to drip with poison!
i - a +1 dagger of venom (weapon)
You start waiting.
Duvessa is nearby!
Duvessa closely misses you.
Duvessa shouts, "You can run, but you cannot escape us forever!"
Duvessa hits you with a +0 short sword.
You hit Duvessa but do no damage.
Duvessa is poisoned.
Duvessa says, "Did you see that move?
Perfect!"
Duvessa hits you with a +0 short sword. Duvessa hits you with a +0 short sword!
Duvessa barely misses you.
Duvessa says, "Practise, practise, practise!
One day you'll be as good as me." Duvessa hits you with a +0 short sword!
You hit Duvessa but do no damage.
Duvessa is lightly wounded.
Duvessa hits you with a +0 short sword.
Duvessa is lightly wounded.
Duvessa hits you with a +0 short sword!
You are too injured to fight recklessly!
You are too injured to fight recklessly!
You hit Duvessa.
Duvessa looks even sicker.
Duvessa is moderately wounded.
Duvessa hits you with a +0 short sword.
Duvessa is moderately wounded.
Duvessa hits you with a +0 short sword!
* * * LOW HITPOINT WARNING * * *
It was a potion of attraction.
You feel attractive to monsters. Duvessa hits you with a +0 short sword!
* * * LOW HITPOINT WARNING * * *
It was a potion of curing.
You feel better. Duvessa hits you with a +0 short sword!
* * * LOW HITPOINT WARNING * * *
It was a potion of cancellation.
Your magical effects are unravelling.
You feel magically purged. Duvessa hits you with a +0 short sword!
You die...

...........## #..#
#...####
......e.....## #..#
##......
............)##
#..## #......
#......#####..##
#...# #####..
###....# ##..###
#<..### ##.. ##...#
##...###.....## #.).
#...#
##...##......####...
##..#
##e.####.....##....
..## ##@.#
###...##.... ..#
#..## #......... ...
##.## ##........
#..# #........ #..#
#........ #..##
#........ ##..##
#........ ##..##
#........ ##..##
.........


You could see Duvessa (very poisoned).

Vanquished Creatures
  A phantom (D:4)
  3 hounds
  Natasha (thrice) (D:2)
  A gnoll (D:3)
  3 adders (D:2)
  A worm (D:3)
  A dart slug (D:1)
  An orc (D:3)
  A ball python (D:2)
  4 endoplasms
  2 giant cockroaches (D:1)
  10 hobgoblins
  2 jackals (D:1)
  4 quokkas
  4 bats
  3 goblins
  8 kobolds
  6 rats
58 creatures vanquished.

Notes
Turn   | Place    | Note
-------+----------+-------------------------------------------
     0 | D:1      | Infinimo the Ogre Gladiator began the quest for the Orb.
     0 | D:1      | Reached XP level 1. HP: 22/22 MP: 1/1
   154 | D:1      | Found a faded altar of an unknown god.
   165 | D:1      | Reached XP level 2. HP: 31/31 MP: 2/2
   721 | D:1      | Reached XP level 3. HP: 31/37 MP: 3/3
  1669 | D:2      | Reached XP level 4. HP: 30/48 MP: 4/4
  2143 | D:2      | Noticed Natasha
  2154 | D:2      | Killed Natasha
  2625 | D:3      | Reached XP level 5. HP: 20/55 MP: 5/5
  2741 | D:2      | Noticed Natasha
  2749 | D:2      | Killed Natasha
  2885 | D:2      | Noticed Natasha
  2896 | D:2      | Killed Natasha
  2897 | D:2      | Reached skill level 5 in Maces & Flails
  3011 | D:3      | Reached skill level 5 in Fighting
  3151 | D:3      | Reached XP level 6. HP: 66/66 MP: 6/6
  3158 | D:3      | Found a shimmering altar of Xom.
  3459 | D:3      | Found Yrruggis's Armour Shop.
  4248 | D:4      | Noticed Duvessa
  4284 | D:4      | Slain by Duvessa

Illustrated notes

Levels and vault maps discovered:
D:1:      shiori_arrival_oz, layout_basic,
          hellmonk_ecumenical_altar_pennies_from_heaven, minmay_surrounded
D:2:      layout_loops_ring, uniq_natasha
D:3:      layout_basic, marbit_many_paths, serial_shops, shop_fountains,
          amethyst_killhole, cheibrodos_gnoll_hut
D:4:      layout_layer_cave, uniq_robin, uniq_duvessa

Skill      XL: |  1  2  3  4  5 |
---------------+----------------+-----
Fighting       | 3 4 5 |  5.4
Maces & Flails | 3 4 5 |  5.5
Throwing       | |  2.0
Dodging        | |  2.6

Action                   |  1- 3 |  4- 6 || total
-------------------------+-------+-------++-------
Melee: Flail             |    67 |    17 ||    84
       Dagger            |    47 |    78 ||   125
       Punch             |     1 |       ||     1
  Use: Potion            |       |     3 ||     3
 Stab: Sleeping          |     1 |       ||     1
Armor: Robe              |    41 |    27 ||    68
Dodge: Dodged            |    59 |    43 ||   102

Table legend: (Time is in decaauts)
 A = Elapsed time spent in this place.
 B = Non-inter-level travel time spent in this place.
 C = Inter-level travel time spent in this place.
 D = Time resting spent in this place.
 E = Time spent auto-exploring this place.
 F = Levels seen in this place.
 G = Mean time per level.
                   A        B        C        D        E       F      G
               +--------+--------+--------+--------+--------+-----+--------+
         Total |   4302 |   4133 |    169 |    406 |   3239 |   4 | 1075.5 |
       Dungeon |   4302 |   4133 |    169 |    406 |   3239 |   4 | 1075.5 |
               +--------+--------+--------+--------+--------+-----+--------+

Top non-repeatable levels by time:
     D:2: 1701 daAuts
     D:1: 1183 daAuts
     D:3: 852 daAuts
     D:4: 565 daAuts
